[Event "Titled Tuesday Blitz April 12 Early 2022"]
[White "Gharibyan, Mamikon"]
[Black "Migot, Tangi"]
[WhiteFideId "13308300"]
[BlackFideId "662445"]
[WhiteElo "2254"]
[BlackElo "2531"]
[Result "1-0"]
[Round "08"]
[TimeControl "180+1"]
[Date "2022.04.13"]
[WhiteClock "0:00:26"]
[BlackClock "0:00:10"]

1. d4 Nf6 2. c4 e6 3. Nf3 d5 4. Nc3 Bb4 5. cxd5 exd5 6. Bf4 O-O 7. e3 c5 8. Bd3 Nc6 9. O-O Bg4 10. dxc5 Bxc3 11. bxc3 Qa5 12. Bd6 Rfd8 13. h3 Bh5 14. Rb1 Ne4 15. Rxb7 Nxd6 16. cxd6 Rxd6 17. g4 Bg6 18. Bxg6 hxg6 19. Qb3 Qd8 20. Rb5 Na5 21. Qb4 Nc4 22. Rd1 g5 23. Kg2 Nb6 24. Qd4 Rc8 25. a4 Rc4 26. Qe5 f6 27. Qf5 Rxa4 28. Rbb1 Qd7 29. Nd4 Qxf5 30. gxf5 Rd7 31. Ne6 Kf7 32. Nc5 Rc7 33. Nxa4 Nxa4 34. Ra1 Nxc3 35. Rdc1 Ke8 36. Ra3 Nb5 37. Rxc7 Nxc7 38. Rxa7 Kd7 39. Kg3 1-0


[Site "https://www.chess.com"]

[Event "Titled Tuesday Blitz April 12 Early 2022"]
[White "GodDMuhammad"]
[Black "Hoang, Thi Bao Tram"]
[BlackFideId "12401102"]
[WhiteElo "2323"]
[BlackElo "2125"]
[Result "0-1"]
[Round "08"]
[TimeControl "180+1"]
[Date "2022.04.13"]
[WhiteClock "0:01:50"]
[BlackClock "0:02:11"]

1. f4 g6 2. g3 Bg7 3. Nf3 Nf6 4. Bg2 O-O 5. d3 d5 6. c3 c5 7. Qc2 Nc6 8. e4 c4 9. e5 cxd3 10. Qxd3 Ne4 11. Be3 Bf5 12. Qe2 Bg4 13. Nbd2 Qd7 14. h3 Nxg3 15. Qd3 Bf5 16. Qb5 a6 17. Qa4 b5 18. Qd1 Nxh1 19. Bxh1 Rac8 20. Kf2 Bxh3 21. Nb3 Bg4 22. Nc5 Qd8 23. Nxa6 f6 24. exf6 Bxf6 25. Qd2 e5 26. Bc5 Rf7 27. Nh2 Be6 28. Re1 Bh4+ 29. Kg1 Bxe1 30. Qxe1 Rxf4 0-1


[Site "https://www.chess.com"]

[Event "Titled Tuesday Blitz April 12 Early 2022"]
[White "Golubeva, Oksana"]
[Black "Yang, Kaiqi"]
[WhiteFideId "4170164"]
[BlackFideId "8604398"]
[WhiteElo "2162"]
[BlackElo "2373"]
[Result "0-1"]
[Round "08"]
[TimeControl "180+1"]
[Date "2022.04.13"]
[WhiteClock "0:00:14"]
[BlackClock "0:00:18"]

1. Nf3 g6 2. e3 Bg7 3. d4 f5 4. b3 Nf6 5. Bb2 d6 6. Nbd2 O-O 7. a4 a5 8. Nc4 Nc6 9. Be2 Ne4 10. O-O h6 11. Bd3 Nb4 12. Be2 e6 13. Nfd2 Nf6 14. f3 Qe7 15. e4 Kh7 16. c3 Nc6 17. Bd3 f4 18. e5 dxe5 19. Qc2 Qf7 20. dxe5 Nd5 21. Rae1 Bd7 22. Re2 Be8 23. Rfe1 Rd8 24. Ba3 Rg8 25. h4 Kh8 26. Bb2 Ndb4 27. Bxg6 Nxc2 28. Bxf7 Bxf7 29. Rc1 Ne3 30. Nxe3 fxe3 31. Nc4 Nxe5 32. Nxa5 Nd3 33. Rcc2 Nxb2 34. Rxb2 Bxc3 35. Rbc2 Rd1+ 36. Kh2 Be5+ 37. g3 Bxg3+ 38. Kg2 Be5+ 39. Kh3 Rg3+ 40. Kh2 Rg7+ 41. Kh3 Rh1+ 42. Rh2 Rg3# 0-1


[Site "https://www.chess.com"]

[Event "Titled Tuesday Blitz April 12 Early 2022"]
[White "Goryachkina, Aleksandra"]
[Black "Zhigalko, Sergei"]
[WhiteFideId "4147103"]
[BlackFideId "13502956"]
[WhiteElo "2426"]
[BlackElo "2662"]
[Result "1-0"]
[Round "08"]
[TimeControl "180+1"]
[Date "2022.04.12"]
[WhiteClock "0:00:04"]
[BlackClock "0:00:02"]

1. e4 c5 2. Nf3 Nc6 3. Bb5 Nf6 4. Bxc6 dxc6 5. d3 Bg4 6. h3 Bh5 7. Be3 c4 8. Nc3 e6 9. g4 Bg6 10. Ne5 cxd3 11. cxd3 Nd7 12. Nxd7 Qxd7 13. f4 f6 14. Qc2 Be7 15. O-O-O O-O 16. h4 b6 17. h5 Bf7 18. g5 fxg5 19. fxg5 Be8 20. Qg2 Rd8 21. g6 h6 22. Rdf1 e5 23. Rxf8+ Bxf8 24. Rd1 Qe6 25. d4 exd4 26. Rxd4 Rxd4 27. Bxd4 Bd7 28. Qf3 Be7 29. Kb1 c5 30. Bf2 Bf6 31. Bg3 Bc6 32. Ka1 Be5 33. Bxe5 Qxe5 34. Qf7+ Kh8 35. Qf8# 1-0


[Site "https://www.chess.com"]

[Event "Titled Tuesday Blitz April 12 Early 2022"]
[White "Grischuk, Alexander"]
[Black "Sjugirov, Sanan"]
[WhiteFideId "4126025"]
[BlackFideId "4189302"]
[WhiteElo "2762"]
[BlackElo "2602"]
[Result "1-0"]
[Round "08"]
[TimeControl "180+1"]
[Date "2022.04.12"]
[WhiteClock "0:00:03"]
[BlackClock "0:00:03"]

1. d4 Nf6 2. c4 e6 3. Nc3 d5 4. cxd5 exd5 5. Bg5 c6 6. Qc2 Be7 7. e3 h6 8. Bf4 O-O 9. Nf3 Bd6 10. Bxd6 Qxd6 11. h3 Re8 12. Bd3 Nbd7 13. O-O Qe7 14. Nd2 Nf8 15. Rab1 Ne6 16. Nf3 Ng5 17. Ne5 Nge4 18. Bxe4 Nxe4 19. Nxe4 dxe4 20. b4 f6 21. Ng6 Qf7 22. Nf4 Bd7 23. a4 a6 24. Rfc1 Rad8 25. Qb3 Qxb3 26. Rxb3 Kf7 27. Rc5 g5 28. Ne2 Be6 29. Rb2 Rd5 30. Rc1 f5 31. b5 axb5 32. Nc3 Rd7 33. axb5 cxb5 34. Nxb5 Ke7 35. Rc5 Ra8 36. Nc7 Ra1+ 37. Kh2 f4 38. Rxb7 Bf7 39. Nd5+ Ke6 40. Rxd7 Kxd7 41. Nf6+ Ke7 42. Nxe4 fxe3 43. fxe3 Re1 44. Re5+ Kf8 45. Ng3 h5 46. Nf5 h4 47. Nh6 Bg6 48. Ng4 Re2 49. Kg1 Bd3 50. Rxg5 Be4 51. Nf2 Bc6 52. Rg4 Re1+ 53. Kh2 Rxe3 54. Rxh4 Re2 55. Rf4+ Ke7 56. h4 Rd2 57. h5 Be8 58. g4 1-0


[Site "https://www.chess.com"]

[Event "Titled Tuesday Blitz April 12 Early 2022"]
[White "Gunina, Valentina"]
[Black "Sychev, Klementy"]
[WhiteFideId "4167570"]
[BlackFideId "4114060"]
[WhiteElo "2381"]
[BlackElo "2564"]
[Result "0-1"]
[Round "08"]
[TimeControl "180+1"]
[Date "2022.04.12"]
[WhiteClock "0:00:14"]
[BlackClock "0:00:05"]

1. d4 f5 2. c4 Nf6 3. Nf3 g6 4. g3 Bg7 5. Bg2 O-O 6. O-O d6 7. Nc3 Nc6 8. d5 Ne5 9. Nxe5 dxe5 10. e4 f4 11. gxf4 exf4 12. Bxf4 Nxe4 13. Be3 Nd6 14. Qe2 Nf5 15. Rae1 Nh4 16. Bg5 Nxg2 17. Kxg2 Qd7 18. Qe6+ Qxe6 19. dxe6 c6 20. Re3 h6 21. Bh4 g5 22. Bg3 b5 23. cxb5 Bb7 24. f3 Rad8 25. Be5 Rd2+ 26. Rf2 Rxf2+ 27. Kxf2 Bxe5 28. Rxe5 cxb5 29. Nd5 Kg7 30. f4 Bxd5 31. Rxd5 Rxf4+ 32. Kg3 Rb4 33. Rf5 Rxb2 34. Rf7+ Kg6 35. Rxe7 Rxa2 36. Rb7 a6 37. Rb6 Kf6 38. h4 Ra4 39. h5 Re4 40. Rxa6 Rxe6 41. Ra7 Rb6 42. Rh7 Ke5 43. Re7+ Kd4 44. Rd7+ Kc4 45. Rc7+ Kd5 46. Rd7+ Kc5 47. Rc7+ Kd4 48. Rd7+ Ke5 49. Re7+ Kd5 50. Rd7+ Kc6 51. Rh7 Kc5 52. Rc7+ Kb4 53. Rh7 Kb3 54. Kf3 b4 55. Ke4 Kb2 56. Kd3 b3 57. Kd2 Rd6+ 58. Ke2 Kc1 59. Rc7+ Kb1 60. Rb7 b2 61. Kf2 Ra6 62. Ke2 Ka2 0-1


[Site "https://www.chess.com"]

[Event "Titled Tuesday Blitz April 12 Early 2022"]
[White "Hansen, Eric"]
[Black "Ljukin, Sergei"]
[WhiteFideId "2606771"]
[BlackFideId "14102200"]
[WhiteElo "2830"]
[BlackElo "2528"]
[Result "1-0"]
[Round "08"]
[TimeControl "180+1"]
[Date "2022.04.13"]
[WhiteClock "0:02:27"]
[BlackClock "0:01:01"]

1. e4 e6 2. d4 d5 3. Nc3 Bb4 4. e5 Ne7 5. a3 Bxc3+ 6. bxc3 c5 7. Qg4 Qc7 8. Bd2 O-O 9. Bd3 c4 10. Be2 Bd7 11. h4 Ba4 12. Rc1 f5 13. Qg3 Qb6 14. Nh3 Nd7 15. Nf4 Rac8 16. Qg5 Rce8 17. Bh5 g6 18. Bd1 Kg7 19. Rh3 Ng8 20. h5 Qd8 21. Qxd8 1-0


[Site "https://www.chess.com"]

[Event "Titled Tuesday Blitz April 12 Early 2022"]
[White "Hess, Robert"]
[Black "Seul, Georg"]
[WhiteFideId "2022036"]
[BlackFideId "4601653"]
[WhiteElo "2557"]
[BlackElo "2271"]
[Result "1-0"]
[Round "08"]
[TimeControl "180+1"]
[Date "2022.04.12"]
[WhiteClock "0:00:36"]
[BlackClock "0:00:10"]

1. b3 e5 2. Bb2 d6 3. d3 f5 4. Nd2 Nf6 5. e3 Be7 6. Ne2 O-O 7. g3 c5 8. Bg2 Nc6 9. a3 Be6 10. c4 d5 11. Nf3 Kh8 12. Nxe5 Nxe5 13. Bxe5 d4 14. exd4 Ng4 15. O-O f4 16. Nxf4 Bf5 17. Nd5 cxd4 18. Bxd4 Bd6 19. h3 Ne5 20. Bxe5 Bxe5 21. d4 Bd6 22. c5 Bb8 23. Qh5 a5 24. Nb6 Ra6 25. Bxb7 Rxb6 26. cxb6 Qxd4 27. Qf3 Qxb6 28. Be4 Bxg3 29. Bxf5 Be5 30. Rac1 g6 31. Rc8 1-0


[Site "https://www.chess.com"]

[Event "Titled Tuesday Blitz April 12 Early 2022"]
[White "Ianov, Viktor"]
[Black "Kostiukov, Alexandr"]
[WhiteFideId "14102730"]
[BlackFideId "14108100"]
[WhiteElo "2161"]
[BlackElo "2202"]
[Result "0-1"]
[Round "08"]
[TimeControl "180+1"]
[Date "2022.04.13"]
[WhiteClock "0:01:14"]
[BlackClock "0:00:35"]

1. Nf3 c5 2. g3 g6 3. Bg2 Bg7 4. c4 Nf6 5. Nc3 O-O 6. O-O Nc6 7. d4 cxd4 8. Nxd4 Nxd4 9. Qxd4 d6 10. Qd3 Bf5 11. e4 Be6 12. Bd2 Ng4 13. b3 Ne5 14. Qe2 Qd7 15. Rac1 Bg4 16. f3 Bh3 17. Nd5 Bxg2 18. Kxg2 e6 19. Ne3 f5 20. f4 Nc6 21. exf5 gxf5 22. Bc3 Nd4 23. Bxd4 Bxd4 24. Rfd1 Qc6+ 25. Kf2 e5 26. Qf3 Rae8 27. Rxd4 Qxf3+ 28. Kxf3 exd4 29. Nd5 Re4 30. Rd1 Kf7 31. Nc7 h5 32. Nb5 Ke6 33. Nxd4+ Kf6 34. Nxf5 Kxf5 35. Rd5+ Re5 36. fxe5 dxe5 37. Rd7 Ke6+ 38. Ke4 Kxd7 0-1


[Site "https://www.chess.com"]

[Event "Titled Tuesday Blitz April 12 Early 2022"]
[White "Indjic, Aleksandar"]
[Black "Hnydiuk, Aleksander"]
[WhiteFideId "911925"]
[BlackFideId "1109057"]
[WhiteElo "2868"]
[BlackElo "2545"]
[Result "1-0"]
[Round "08"]
[TimeControl "180+1"]
[Date "2022.04.13"]
[WhiteClock "0:00:45"]
[BlackClock "0:00:03"]

1. e4 e5 2. Nf3 Nf6 3. d4 Nxe4 4. Bd3 d5 5. Nxe5 Nd7 6. Nc3 Nxe5 7. dxe5 Nc5 8. Nxd5 Nxd3+ 9. Qxd3 Be6 10. Nf4 Qxd3 11. Nxd3 O-O-O 12. Be3 b6 13. f4 Be7 14. b3 Bf5 15. O-O-O Rd5 16. Nf2 Rxd1+ 17. Rxd1 h5 18. Kb2 h4 19. c4 Rh6 20. Kc3 Rg6 21. Rg1 f6 22. g4 hxg3 23. Rxg3 fxe5 24. Rxg6 Bxg6 25. fxe5 Bf5 26. Nd3 Kd7 27. Nf4 g5 28. Nd5 Bd8 29. Nf6+ Ke6 30. Bxg5 Kxe5 31. Ng4+ Bxg4 32. Bxd8 c6 33. Bh4 Ke4 34. Bg3 a6 35. Kb4 c5+ 36. Kc3 b5 37. Bf2 Be6 38. cxb5 axb5 39. Bxc5 Kd5 40. Bf2 Bh3 41. Be3 Ke4 42. Bg1 Kd5 43. Bf2 Bg4 44. h4 Bh5 45. Kb4 Kc6 46. Be3 Bg4 47. Kc3 Bd1 48. Kd4 Bf3 49. Ke5 Bd1 50. Kf6 Kd5 51. b4 Kc4 52. a3 Kb3 53. Kg5 Kxa3 54. Bc5 Kb3 55. h5 Bc2 56. h6 Kc4 57. Kf6 Kd5 58. Kg7 Ke6 59. h7 Bxh7 60. Kxh7 Kd7 61. Kg6 Kc6 1-0


[Site "https://www.chess.com"]

[Event "Titled Tuesday Blitz April 12 Early 2022"]
[White "Iskusnyh, Sergei"]
[Black "Vianello, Enrico"]
[WhiteFideId "4120027"]
[BlackFideId "810738"]
[WhiteElo "2492"]
[BlackElo "2262"]
[Result "1-0"]
[Round "08"]
[TimeControl "180+1"]
[Date "2022.04.13"]
[WhiteClock "0:00:20"]
[BlackClock "0:00:44"]

1. d4 d5 2. c4 Nc6 3. Nc3 dxc4 4. Nf3 Bg4 5. d5 Bxf3 6. exf3 Ne5 7. Qd4 Ng6 8. Bxc4 e5 9. Qd1 a6 10. O-O Bd6 11. Ne4 h6 12. Re1 N8e7 13. f4 exf4 14. Qh5 O-O 15. Bd2 Qd7 16. Qxh6 Ne5 17. Bb3 gxh6 18. Nf6+ Kg7 19. Nxd7 Nxd7 20. Bxf4 Bxf4 21. Rxe7 Nb6 22. Rae1 Rad8 23. g3 Bg5 24. Rxc7 Nxd5 25. Rxb7 Bf6 26. Re2 a5 27. Rd2 Nb4 28. Rxd8 Bxd8 29. a3 Nc6 30. Bd5 Ne5 31. b4 axb4 32. axb4 Kg6 33. b5 Ba5 34. Kg2 f6 35. f4 Nd3 36. Be4+ f5 37. Bxd3 Rd8 38. Be2 Rd2 39. Kf1 Rb2 40. Rd7 Bb6 41. Rd6+ Kf7 42. Rxb6 1-0


[Site "https://www.chess.com"]

[Event "Titled Tuesday Blitz April 12 Early 2022"]
[White "Jakubowska, Anna"]
[Black "Yurovskykh, Oleksandr"]
[WhiteFideId "1121952"]
[BlackFideId "14134020"]
[WhiteElo "1924"]
[BlackElo "2292"]
[Result "1/2-1/2"]
[Round "08"]
[TimeControl "180+1"]
[Date "2022.04.13"]
[WhiteClock "0:00:21"]
[BlackClock "0:00:11"]

1. e4 d5 2. exd5 Qxd5 3. Nc3 Qd8 4. Bc4 c5 5. d3 Nc6 6. Nge2 Nf6 7. Be3 e6 8. h3 Nd4 9. Ng3 Be7 10. O-O O-O 11. Nge4 b6 12. Nxf6+ Bxf6 13. Ne4 Be7 14. c3 Nf5 15. Bf4 Bb7 16. Qg4 Qd7 17. Rad1 Kh8 18. Bg5 Bxg5 19. Nxg5 h6 20. Ne4 Rad8 21. Qf4 Nd6 22. Nxd6 Qxd6 23. Qe3 Rd7 24. d4 Rfd8 25. Be2 Qd5 26. Bf3 Qd6 27. dxc5 Qxc5 28. Qxc5 bxc5 29. Rxd7 Rxd7 30. Bxb7 Rxb7 31. b3 Rd7 32. f3 Rd3 33. Rc1 Kg8 34. Rc2 Kf8 35. Kf2 Rd1 36. Ke2 Rg1 37. Kd3 Ke7 38. Kc4 Kd6 39. b4 cxb4 40. cxb4 Kc6 41. a4 a6 42. b5+ axb5+ 43. axb5+ Kb6 44. Rb2 Rd1 45. Kc3 Rd5 46. Kc4 f6 47. Re2 Rc5+ 48. Kd4 e5+ 49. Ke4 g6 50. Rd2 Kxb5 51. Rd6 Rc4+ 52. Ke3 Rf4 53. Rd7 h5 54. g3 Rf5 55. g4 hxg4 56. hxg4 Rf4 57. Rg7 g5 58. Rc7 Kb6 59. Rc1 Rd4 60. Rc8 Ra4 61. Rf8 Rf4 62. Rc8 Kb7 63. Rc2 e4 64. fxe4 Rxg4 65. Rf2 Rg3+ 66. Kd4 Rg1 67. Rxf6 g4 68. Ke3 g3 69. Rg6 Kc7 70. Kf3 Rf1+ 71. Ke2 Rg1 72. Kf3 Rf1+ 73. Ke2 Rf2+ 74. Ke3 Rg2 75. Kf3 Rg1 76. Rxg3 Rxg3+ 77. Kxg3 Kd6 78. Kf4 Ke6 79. Kg4 Ke5 80. Kf3 Ke6 81. Kf4 Kf6 82. e5+ Ke6 83. Ke4 Ke7 84. Kd5 Kd7 85. e6+ Ke7 86. Ke5 Ke8 87. Kf6 Kf8 88. e7+ Ke8 89. Ke6 1/2-1/2


[Site "https://www.chess.com"]

[Event "Titled Tuesday Blitz April 12 Early 2022"]
[White "Jaskolka, Tomasz"]
[Black "Zlatin, Alexander"]
[WhiteFideId "1170791"]
[BlackFideId "2810549"]
[WhiteElo "2073"]
[BlackElo "2228"]
[Result "0-1"]
[Round "08"]
[TimeControl "180+1"]
[Date "2022.04.13"]
[WhiteClock "0:00:08"]
[BlackClock "0:00:08"]

1. d4 d5 2. Bf4 e6 3. e3 Bd6 4. Bg3 Nf6 5. c3 c5 6. Nd2 Nc6 7. Ngf3 O-O 8. Bd3 b6 9. e4 dxe4 10. Nxe4 Be7 11. Nxf6+ Bxf6 12. dxc5 bxc5 13. Be4 Bb7 14. O-O Qb6 15. Qc2 h6 16. Rfd1 Rfd8 17. h3 a5 18. Nd2 Ba6 19. Qb3 Qxb3 20. Nxb3 Rac8 21. Nxc5 Be2 22. Rxd8+ Nxd8 23. Nd7 Be7 24. Re1 Bb5 25. Ne5 a4 26. Rc1 a3 27. b3 Bg5 28. f4 Be7 29. c4 Be8 30. Bf2 f6 31. Nf3 Nc6 32. Nd4 Nb4 33. Be1 Nxa2 34. Ra1 Bc5 35. Rxa2 Bxd4+ 36. Bf2 Bb2 37. f5 exf5 38. Bxf5 Rd8 39. Be6+ Kh8 40. Bd5 Bg6 41. Bb6 Re8 42. Kf2 Bb1 43. Rxb2 axb2 44. Bd4 Be4 45. Bxb2 Bxd5 46. cxd5 Rd8 47. Bc3 Rxd5 48. b4 Rd3 49. Be1 Rb3 50. Ke2 Kg8 51. Bd2 Kf7 52. Kf2 Ke6 53. Ke2 Kd5 54. Kf2 Rb2 55. Ke3 Kc4 56. g4 Rb3+ 57. Ke4 Rxh3 58. Kf5 Rh2 59. Be3 Re2 60. Bc5 Rg2 61. Bf8 g5 62. Bxh6 Rf2+ 63. Kg6 Kxb4 64. Bg7 Rf4 65. Bxf6 Rxg4 66. Bxg5 Kc5 67. Kf5 Rg2 68. Bf4 Kd5 69. Bc7 Rf2+ 70. Kg4 Ke4 71. Kg3 Rf7 72. Kg2 Rxc7 0-1


[Site "https://www.chess.com"]

[Event "Titled Tuesday Blitz April 12 Early 2022"]
[White "Jobava, Baadur"]
[Black "Sarana, Alexey"]
[WhiteFideId "13601520"]
[BlackFideId "24133795"]
[WhiteElo "2617"]
[BlackElo "2666"]
[Result "0-1"]
[Round "08"]
[TimeControl "180+1"]
[Date "2022.04.12"]
[WhiteClock "0:00:01"]
[BlackClock "0:00:41"]

1. b3 d5 2. Bb2 Bf5 3. d3 e6 4. Nd2 Nf6 5. g3 h6 6. Bg2 Bc5 7. e4 Bh7 8. Ne2 O-O 9. O-O a5 10. a4 Nc6 11. Bxf6 Qxf6 12. exd5 exd5 13. Bxd5 Rad8 14. Be4 Nd4 15. Bxh7+ Kxh7 16. Ne4 Qc6 17. Nxd4 Bxd4 18. Rc1 f5 19. Nd2 f4 20. c3 fxg3 21. cxd4 gxh2+ 22. Kxh2 Qd6+ 23. Kg2 Qg6+ 24. Kh3 Rf5 25. Rc5 Rxc5 26. dxc5 Rxd3+ 27. Kh2 Rd5 28. Nc4 Rh5+ 29. Qxh5 Qxh5+ 30. Kg3 Qxc5 31. Re1 b5 32. axb5 Qxb5 33. Re3 a4 34. Na3 Qg5+ 35. Kf3 Qf5+ 36. Ke2 Qg4+ 37. f3 Qg2+ 38. Ke1 axb3 39. Rxb3 h5 40. Nc4 Qc2 0-1


[Site "https://www.chess.com"]

[Event "Titled Tuesday Blitz April 12 Early 2022"]
[White "Jumabayev, Rinat"]
[Black "Andreikin, Dmitry"]
[WhiteFideId "13702661"]
[BlackFideId "4158814"]
[WhiteElo "2561"]
[BlackElo "2736"]
[Result "0-1"]
[Round "08"]
[TimeControl "180+1"]
[Date "2022.04.12"]
[WhiteClock "0:00:02"]
[BlackClock "0:00:10"]

1. d4 Nf6 2. c4 e6 3. Nf3 a6 4. Nc3 d5 5. cxd5 exd5 6. Bg5 Be6 7. e3 Nbd7 8. Bd3 h6 9. Bf4 g5 10. Bg3 Nh5 11. Be5 Nhf6 12. Bg3 Nh5 13. Qc2 Nxg3 14. hxg3 c6 15. Bf5 Qf6 16. g4 Bg7 17. Ne2 Bxf5 18. Qxf5 Qxf5 19. gxf5 g4 20. Nd2 h5 21. Nf4 Nf6 22. Ke2 Bf8 23. Nd3 Bd6 24. f3 Rg8 25. f4 Ke7 26. Nf1 Rh8 27. Rh4 Ne4 28. Nf2 Nf6 29. Ng3 Rh7 30. Rah1 Rah8 31. Nd3 Kf8 32. b4 Be7 33. a4 Ne4 34. Nxe4 dxe4 35. Nc5 Bxh4 36. Rxh4 Ke7 37. Nxe4 a5 38. bxa5 Ra8 39. Nf2 Rxa5 40. Nxg4 Rxa4 41. Ne5 Ra2+ 42. Kf3 f6 43. Nd3 Kd6 44. g3 Ra3 45. Nc5 b5 46. Ne4+ Ke7 47. Nc5 b4 48. Ke4 Kd6 49. Rg4 hxg4 0-1


[Site "https://www.chess.com"]

[Event "Titled Tuesday Blitz April 12 Early 2022"]
[White "Kakulidis, Ellen"]
[Black "Petrova, Irina"]
[WhiteFideId "1444972"]
[BlackFideId "14124122"]
[WhiteElo "1852"]
[BlackElo "1993"]
[Result "0-1"]
[Round "08"]
[TimeControl "180+1"]
[Date "2022.04.13"]
[WhiteClock "0:00:05"]
[BlackClock "0:00:31"]

1. Nf3 d6 2. e4 Nf6 3. Nc3 e5 4. d4 Nbd7 5. g3 Be7 6. Bg2 O-O 7. O-O c6 8. a4 Re8 9. b3 Qc7 10. Be3 Bf8 11. Qd2 g6 12. Bh6 Ng4 13. Bxf8 Nxf8 14. Rae1 Bd7 15. d5 Nf6 16. dxc6 Bxc6 17. Nb5 Bxb5 18. axb5 Ne6 19. c4 Nc5 20. Qc2 a6 21. bxa6 Rxa6 22. Nd2 Rea8 23. b4 Ra2 24. Qd1 Nd3 25. Re3 Nxb4 26. Nb3 Nd7 27. Qg4 Nc5 28. Nxc5 Qxc5 29. Rd1 Ra1 30. Ree1 Rxd1 31. Rxd1 Nc2 32. Bf1 Nd4 33. Rb1 b6 34. Qd7 Kg7 35. Qb7 Ra2 36. Rxb6 Nf3+ 37. Kh1 Qxf2 0-1


[Site "https://www.chess.com"]

[Event "Titled Tuesday Blitz April 12 Early 2022"]
[White "Kalavannan, Koby"]
[Black "Prohorov, Olexandr"]
[WhiteFideId "425753"]
[BlackFideId "14105578"]
[WhiteElo "1927"]
[BlackElo "1993"]
[Result "1-0"]
[Round "08"]
[TimeControl "180+1"]
[Date "2022.04.13"]
[WhiteClock "0:01:14"]
[BlackClock "0:00:11"]

1. d4 g6 2. c4 Bg7 3. e4 d6 4. Nc3 e5 5. d5 a5 6. h4 h5 7. Be2 Na6 8. Nf3 Nc5 9. Bg5 f6 10. Be3 Bh6 11. Qd2 Bxe3 12. Qxe3 Nh6 13. Nd2 f5 14. Qg3 Rg8 15. f3 Bd7 16. O-O-O a4 17. Kc2 f4 18. Qf2 Nf7 19. g3 Qf6 20. gxf4 Qxf4 21. Nf1 g5 22. hxg5 Nxg5 23. Qh4 Qxh4 24. Rxh4 O-O-O 25. Rxh5 Nh3 26. Ne3 Nf4 27. Rh7 Rdf8 28. Rf1 Rg3 29. Bd1 b6 30. Ne2 Ncd3 31. Nxg3 1-0


[Site "https://www.chess.com"]

[Event "Titled Tuesday Blitz April 12 Early 2022"]
[White "Kaminski, Victor"]
[Black "Dushyant Sharma"]
[WhiteFideId "1131630"]
[BlackFideId "25065130"]
[WhiteElo "2181"]
[BlackElo "2105"]
[Result "0-1"]
[Round "08"]
[TimeControl "180+1"]
[Date "2022.04.13"]
[WhiteClock "0:01:29"]
[BlackClock "0:02:16"]

1. e4 d5 2. exd5 Nf6 3. Bb5+ c6 4. dxc6 Nxc6 5. Nf3 Bg4 6. O-O e6 7. h3 Bh5 8. d3 Bd6 9. Nbd2 O-O 10. Bxc6 bxc6 11. Nc4 Bc7 12. Bg5 h6 13. Bh4 Rb8 14. Bg3 Bxg3 15. fxg3 Nd5 16. g4 Bg6 17. Qd2 f6 18. Rae1 e5 19. Nh4 Bh7 20. d4 exd4 21. Qxd4 Bxc2 22. Qxa7 Bd3 23. Nf5 Rf7 24. Qxf7+ Kxf7 25. Ncd6+ Kg8 26. Rf3 Bxf5 27. Nxf5 Rxb2 28. Ra3 Qb6+ 29. Kh1 Qf2 30. Rg1 Nf4 31. Rf3 Qd2 32. a3 Nxg2 0-1


[Site "https://www.chess.com"]

[Event "Titled Tuesday Blitz April 12 Early 2022"]
[White "Kamsky, Gata"]
[Black "Padmini, Rout"]
[WhiteFideId "2000024"]
[BlackFideId "5029295"]
[WhiteElo "2828"]
[BlackElo "2526"]
[Result "1-0"]
[Round "08"]
[TimeControl "180+1"]
[Date "2022.04.13"]
[WhiteClock "0:01:00"]
[BlackClock "0:00:16"]

1. d4 Nf6 2. Nf3 g6 3. Bg5 Bg7 4. c3 O-O 5. Nbd2 d6 6. e4 Nc6 7. Bd3 e5 8. O-O h6 9. Bh4 g5 10. Bg3 Qe7 11. Re1 Nh5 12. dxe5 Nxg3 13. hxg3 dxe5 14. Nc4 Rd8 15. Qc2 a5 16. a4 Be6 17. Ne3 Qc5 18. Qe2 Rd7 19. Bc4 Rad8 20. Bxe6 fxe6 21. Rad1 Rxd1 22. Rxd1 Rxd1+ 23. Qxd1 Qd6 24. Qb3 b6 25. Qc4 Kf8 26. Kf1 Bf6 27. g4 Be7 28. Ke2 Kg7 29. Qb5 Kf6 30. Nc4 Qc5 31. Qxc5 Bxc5 32. Ne1 Bd6 33. Kd3 Be7 34. Kc2 Nb8 35. Nd3 Nd7 36. b4 axb4 37. cxb4 c6 38. a5 b5 39. Ncxe5 Nxe5 40. Nxe5 Bxb4 41. a6 Bc5 42. Nd7+ 1-0


[Site "https://www.chess.com"]

[Event "Titled Tuesday Blitz April 12 Early 2022"]
[White "Kavyev, Ruslan"]
[Black "Gracia Alvarez, Gerardo Antonio"]
[WhiteFideId "34110981"]
[BlackFideId "5109124"]
[WhiteElo "2182"]
[BlackElo "2139"]
[Result "0-1"]
[Round "08"]
[TimeControl "180+1"]
[Date "2022.04.13"]
[WhiteClock "0:00:02"]
[BlackClock "0:00:08"]

1. d4 d5 2. c4 e6 3. g3 Nf6 4. Bg2 Be7 5. Nf3 O-O 6. Qc2 dxc4 7. Qxc4 a6 8. Bf4 b5 9. Qxc7 Qxc7 10. Bxc7 Bb7 11. O-O Nbd7 12. Nbd2 Rfc8 13. Rfc1 Nd5 14. Ba5 N5f6 15. Kf1 Bd5 16. a3 Kf8 17. Ke1 Ke8 18. Kd1 h6 19. h3 Ne4 20. Nxe4 Bxe4 21. Ne1 Bxg2 22. Nxg2 Bf6 23. e3 e5 24. dxe5 Bxe5 25. Rxc8+ Rxc8 26. Rc1 Rxc1+ 27. Kxc1 Nc5 28. Kc2 Ne4 29. Be1 g5 30. b3 Kd7 31. h4 f6 32. hxg5 hxg5 33. Kd3 Nc5+ 34. Kc2 Ne4 35. f4 Bd6 36. a4 Ke6 37. g4 Kd5 38. f5 bxa4 39. bxa4 Nc5 40. a5 Ke4 41. Bc3 Be7 42. Ne1 Kxe3 43. Bb4 Kd4 44. Nd3 Kc4 45. Ba3 Kb5 46. Kd1 Nxd3 47. Bxe7 Nf2+ 48. Ke2 Nxg4 49. Bxf6 Nxf6 0-1


[Site "https://www.chess.com"]

[Event "Titled Tuesday Blitz April 12 Early 2022"]
[White "Kejzar, Petra"]
[Black "Sadilek, Peter"]
[WhiteFideId "14610213"]
[BlackFideId "1616439"]
[WhiteElo "2003"]
[BlackElo "2145"]
[Result "0-1"]
[Round "08"]
[TimeControl "180+1"]
[Date "2022.04.13"]
[WhiteClock "0:00:02"]
[BlackClock "0:00:14"]

1. c4 g6 2. d4 Bg7 3. Nc3 c5 4. Nf3 cxd4 5. Nxd4 Nc6 6. Nc2 d6 7. e4 Bxc3+ 8. bxc3 Qa5 9. Bd2 Nf6 10. Bd3 Be6 11. O-O Nd7 12. Nd4 Nc5 13. Nxe6 fxe6 14. Bc2 Qa6 15. Qe2 O-O 16. Bh6 Rf7 17. f4 Na5 18. f5 Qxc4 19. Qg4 exf5 20. Qh3 Nxe4 21. Bxe4 Qxe4 22. Rae1 Qc4 23. Qg3 Rc8 24. Qg5 e5 25. h4 Qg4 26. Qe3 Qxh4 27. Bg5 Qg4 28. Qxa7 Nc6 29. Qa3 Qxg5 30. Qxd6 Rd8 31. Qc5 Rd2 32. Rf2 Rfd7 33. Ree2 Rxe2 34. Rxe2 Rd1+ 35. Kf2 Rd2 36. Qc4+ Kg7 37. Qb5 Qf4+ 38. Ke1 Rxe2+ 39. Kxe2 Qe4+ 40. Kf2 Qc2+ 41. Kg1 Qc1+ 42. Kh2 Qxc3 43. Qxb7+ Kh6 44. Qf7 Nd4 45. Qf8+ Kg5 46. Qg7 h5 47. Qe7+ Kg4 0-1


[Site "https://www.chess.com"]

[Event "Titled Tuesday Blitz April 12 Early 2022"]
[White "Khamdamova, Afruza"]
[Black "Nozdrachev, Leonid"]
[WhiteFideId "14210444"]
[BlackFideId "24113433"]
[WhiteElo "1660"]
[BlackElo "2242"]
[Result "1-0"]
[Round "08"]
[TimeControl "180+1"]
[Date "2022.04.13"]
[WhiteClock "0:00:25"]
[BlackClock "0:00:05"]

1. e4 a6 2. d4 h5 3. Nf3 b5 4. c4 Bb7 5. Qc2 d6 6. cxb5 axb5 7. Bxb5+ Nd7 8. Nc3 h4 9. h3 Nf6 10. Bg5 c6 11. Bc4 Ba6 12. Bxa6 Rxa6 13. O-O Qa8 14. a3 e6 15. Bxh4 Nh5 16. Bg5 Be7 17. Bxe7 Kxe7 18. Qd2 Ra5 19. Rfe1 Rb8 20. d5 cxd5 21. exd5 e5 22. Qg5+ Nhf6 23. Nh4 g6 24. Rab1 Kf8 25. Qh6+ Kg8 26. f4 Nxd5 27. Nxd5 Rxd5 28. f5 g5 29. f6 Nxf6 30. Qxg5+ Kf8 31. Qxf6 Ke8 32. Nf5 Kd7 33. Qe7+ Kc6 34. Rbc1+ Kb5 35. Nxd6+ Ka4 36. Ne4 Rxb2 37. Nc3+ Kb3 38. Nxd5 Qxd5 39. Qb4+ Ka2 40. Ra1# 1-0


[Site "https://www.chess.com"]